PAA
CASPER GHOSTS @ MERCER ISLAND SCREAMING EAGLES
09/04/2022
 
TOP OF THE 1ST
Casper Ghosts batting - Pitching for Mercer Island Screaming Eagles : RHP Fernando Reyna
Pitching: RHP Fernando Reyna
Batting: LHB Harrison Jones 0-0: Called Strike
0-1: Hit by Pitch
Batting: SHB Alonso Rodríguez 0-0: Called Strike
0-1: Foul Ball, location: 2F
0-2: Ball
1-2: 2-RUN HOME RUN (Line Drive, 9D), Distance : 374 ft
Batting: RHB Lorenzo Díaz 0-0: Called Strike
0-1: Ball
1-1: Swinging Strike
1-2: Strikes out swinging
Batting: RHB Phil Baker 0-0: Swinging Strike
0-1: Foul Ball, location: 2F
0-2: Ball
1-2: Foul Ball, location: 2F
1-2: Strikes out swinging
Batting: SHB José Juárez 0-0: Foul Ball, location: 2F
0-1: Ball
1-1: Foul Ball, location: 2F
1-2: Ground out 4-3 (Groundball, 4)
Top of the 1st over - 2 run(s), 1 hit(s), 0 error(s), 0 left on base; Casper 2 - Mercer Island 0
BOTTOM OF THE 1ST
Mercer Island Screaming Eagles batting - Pitching for Casper Ghosts : RHP Kris Daniel
Pitching: RHP Kris Daniel
Batting: RHB Jim Unknown 0-0: Ground out 5-3 (Groundball, 5)
Batting: LHB Gregg Young 0-0: Called Strike
0-1: Foul Ball, location: 2F
0-2: Ball
1-2: Ball
2-2: SOLO HOME RUN (Flyball, 9LD), Distance : 364 ft
Batting: RHB Jason Ruffin 0-0: Ball
1-0: Ball
2-0: Foul Ball, location: 2F
2-1: Ball
3-1: Foul Ball, location: 2F
3-2: Ground out U3 (Groundball, 3)
Batting: RHB Luis Antonio Hernández 0-0: Ball
1-0: Ball
2-0: SINGLE (Line Drive, 7S)
Batting: LHB Jorge Pérez 0-0: Ball
1-0: Ball
2-0: Foul Ball, location: 2F
2-1: Foul Ball, location: 2F
2-2: Foul Ball, location: 2F
2-2: Ball
3-2: Base on Balls
Luis Antonio Hernández to second
Batting: RHB Shawn McCormack 0-0: Ball
Wild Pitch!
Luis Antonio Hernández to third
Jorge Pérez to second
1-0: Ball
2-0: Called Strike
2-1: Swinging Strike
2-2: Foul Ball, location: 2F
2-2: Strikes out swinging
Bottom of the 1st over - 1 run(s), 2 hit(s), 0 error(s), 2 left on base; Casper 2 - Mercer Island 1
TOP OF THE 2ND
Casper Ghosts batting - Pitching for Mercer Island Screaming Eagles : RHP Fernando Reyna
Batting: RHB Mark Davis 0-0: Called Strike
0-1: Foul Ball, location: 2F
0-2: Ball
1-2: Strikes out looking
Batting: RHB Dave Young 0-0: Ball
1-0: Swinging Strike
1-1: Fly out, F7 (Flyball, 78S)
Batting: RHB Juan García 0-0: Ball
1-0: Ball
2-0: Ball
3-0: Base on Balls
Batting: RHB Warner Robinson 0-0: Ball
Juan García steals 2nd base
1-0: Called Strike
1-1: Foul Ball, location: 2F
1-2: SINGLE (Line Drive, 6MD)
Juan García to third
Runner from 3rd tries for Home, SAFE, no throw or cutoff
Batting: LHB Harrison Jones 0-0: Called Strike
0-1: Ball
1-1: Foul Ball, location: 2F
1-2: Strikes out swinging
Top of the 2nd over - 1 run(s), 1 hit(s), 0 error(s), 1 left on base; Casper 3 - Mercer Island 1
BOTTOM OF THE 2ND
Mercer Island Screaming Eagles batting - Pitching for Casper Ghosts : RHP Kris Daniel
Batting: RHB Mario Blanco 0-0: Ball
1-0: Ball
2-0: Ball
3-0: Base on Balls
Batting: RHB Jorge Peña 0-0: DOUBLE (Line Drive, 7LM)
Mario Blanco to third
Batting: RHB Alan Rosales 0-0: Ball
1-0: Foul Ball, location: 2F
1-1: Ground out 5-3 (Groundball, 56)
Mario Blanco scores
Batting: RHB Jim Unknown 0-0: SINGLE (Groundball, 56D)
Jorge Peña to third
Runner from 3rd tries for Home, SAFE, throw made home
Batting: LHB Gregg Young 0-0: Called Strike
0-1: Foul Ball, location: 2F
0-2: Grounds into double play, 1-6-3 (Groundball, 15)
Bottom of the 2nd over - 2 run(s), 2 hit(s), 0 error(s), 0 left on base; Casper 3 - Mercer Island 3
TOP OF THE 3RD
Casper Ghosts batting - Pitching for Mercer Island Screaming Eagles : RHP Fernando Reyna
Batting: SHB Alonso Rodríguez 0-0: Ball
1-0: Ball
2-0: SINGLE (Flyball, 6MD)
Batting: RHB Lorenzo Díaz 0-0: Ball
1-0: Ball
2-0: Called Strike
2-1: Foul Ball, location: 2F
2-2: Strikes out swinging
Batting: RHB Phil Baker 0-0: Ball
1-0: Called Strike
1-1: Called Strike
1-2: Strikes out looking
Batting: SHB José Juárez 0-0: Ball
Alonso Rodríguez steals 2nd base
1-0: Called Strike
1-1: Fly out, F7 (Flyball, 7M)
Top of the 3rd over - 0 run(s), 1 hit(s), 0 error(s), 1 left on base; Casper 3 - Mercer Island 3
BOTTOM OF THE 3RD
Mercer Island Screaming Eagles batting - Pitching for Casper Ghosts : RHP Kris Daniel
Batting: RHB Jason Ruffin 0-0: Called Strike
0-1: Swinging Strike
0-2: SOLO HOME RUN (Flyball, 7LD), Distance : 374 ft
Batting: RHB Luis Antonio Hernández 0-0: SINGLE (Line Drive, 7S)
Batting: LHB Jorge Pérez 0-0: Called Strike
0-1: Foul Ball, location: 2F
0-2: Ball
1-2: Fly out, F8 (Flyball, 8RM)
Batting: RHB Shawn McCormack 0-0: Called Strike
0-1: Called Strike
0-2: Fly out, F8 (Flyball, 8LM)
Batting: RHB Mario Blanco 0-0: Ball
1-0: Ground out 6-3 (Groundball, 56)
Bottom of the 3rd over - 1 run(s), 2 hit(s), 0 error(s), 1 left on base; Casper 3 - Mercer Island 4
TOP OF THE 4TH
Casper Ghosts batting - Pitching for Mercer Island Screaming Eagles : RHP Fernando Reyna
Batting: RHB Mark Davis 0-0: Ground out 5-3 (Groundball, 56)
Batting: RHB Dave Young 0-0: Ball
1-0: Ground out 3-1 (Groundball, 34S)
Batting: RHB Juan García 0-0: Called Strike
0-1: Foul Ball, location: 2F
0-2: Ball
1-2: Ground out 6-3 (Groundball, 6M)
Top of the 4th over - 0 run(s), 0 hit(s), 0 error(s), 0 left on base; Casper 3 - Mercer Island 4
BOTTOM OF THE 4TH
Mercer Island Screaming Eagles batting - Pitching for Casper Ghosts : RHP Kris Daniel
Batting: RHB Jorge Peña 0-0: Called Strike
0-1: Ball
1-1: Ball
2-1: Ground out 5-3 (Groundball, 56S)
Batting: RHB Alan Rosales 0-0: Fly out, F6 (Popup, 6D)
Batting: RHB Jim Unknown 0-0: Called Strike
0-1: Ball
1-1: Ball
2-1: Foul Ball, location: 2F
2-2: SINGLE (Line Drive, 7LM)
Batting: LHB Gregg Young 0-0: Ball
1-0: Called Strike
1-1: Ground out 3-1 (Groundball, 3)
Bottom of the 4th over - 0 run(s), 1 hit(s), 0 error(s), 1 left on base; Casper 3 - Mercer Island 4
TOP OF THE 5TH
Casper Ghosts batting - Pitching for Mercer Island Screaming Eagles : RHP Fernando Reyna
Batting: RHB Warner Robinson 0-0: Swinging Strike
0-1: Foul Ball, location: 2F
0-2: Strikes out swinging
Batting: LHB Harrison Jones 0-0: Called Strike
0-1: Foul Ball, location: 2F
0-2: Ball
1-2: Strikes out swinging
Batting: SHB Alonso Rodríguez 0-0: Ball
1-0: Called Strike
1-1: Ball
2-1: Ball
3-1: Ground out 6-3 (Groundball, 6)
Top of the 5th over - 0 run(s), 0 hit(s), 0 error(s), 0 left on base; Casper 3 - Mercer Island 4
BOTTOM OF THE 5TH
Mercer Island Screaming Eagles batting - Pitching for Casper Ghosts : RHP Kris Daniel
Batting: RHB Jason Ruffin 0-0: Ball
1-0: Ground out 6-3 (Groundball, 6)
Batting: RHB Luis Antonio Hernández 0-0: Fly out, F1 (Line Drive, 15)
Batting: LHB Jorge Pérez 0-0: Called Strike
0-1: Ball
1-1: Foul Ball, location: 2F
1-2: Foul Ball, location: 2F
1-2: Ball
2-2: Ground out 1-3 (Groundball, 15)
Bottom of the 5th over - 0 run(s), 0 hit(s), 0 error(s), 0 left on base; Casper 3 - Mercer Island 4
TOP OF THE 6TH
Casper Ghosts batting - Pitching for Mercer Island Screaming Eagles : RHP Fernando Reyna
Batting: RHB Lorenzo Díaz 0-0: Ground out 6-3 (Groundball, 6)
Batting: RHB Phil Baker 0-0: Called Strike
0-1: Ball
1-1: Foul Ball, location: 2F
1-2: Ball
2-2: Ball
3-2: Strikes out swinging
Batting: SHB José Juárez 0-0: Ball
1-0: Ball
2-0: Called Strike
2-1: Swinging Strike
2-2: Fly out, F8 (Flyball, 8LM)
Top of the 6th over - 0 run(s), 0 hit(s), 0 error(s), 0 left on base; Casper 3 - Mercer Island 4
BOTTOM OF THE 6TH
Mercer Island Screaming Eagles batting - Pitching for Casper Ghosts : RHP Kris Daniel
Batting: RHB Shawn McCormack 0-0: SINGLE (Groundball, 5D)
Batting: RHB Mario Blanco 0-0: Ball
Shawn McCormack is caught stealing 2nd base
1-0: Ball
2-0: Foul Ball, location: 2F
2-1: Ground out 6-3 (Groundball, 6M)
Batting: RHB Jorge Peña 0-0: Ground out 4-3 (Groundball, 4MS)
Bottom of the 6th over - 0 run(s), 1 hit(s), 0 error(s), 0 left on base; Casper 3 - Mercer Island 4
TOP OF THE 7TH
Casper Ghosts batting - Pitching for Mercer Island Screaming Eagles : RHP Fernando Reyna
Batting: RHB Mark Davis 0-0: Ball
1-0: Ground out 1-3 (Groundball, 13S)
Batting: RHB Dave Young 0-0: Ball
1-0: Called Strike
1-1: Swinging Strike
1-2: Strikes out swinging
Batting: RHB Juan García 0-0: Called Strike
0-1: Swinging Strike
0-2: Ball
1-2: Ball
2-2: Ball
3-2: Ground out 6-3 (Groundball, 6M)
Top of the 7th over - 0 run(s), 0 hit(s), 0 error(s), 0 left on base; Casper 3 - Mercer Island 4
BOTTOM OF THE 7TH
Mercer Island Screaming Eagles batting - Pitching for Casper Ghosts : RHP Kris Daniel
Batting: RHB Alan Rosales 0-0: Ball
1-0: Foul Ball, location: 2F
1-1: Called Strike
1-2: Foul Ball, location: 2F
1-2: Strikes out looking
Batting: RHB Jim Unknown 0-0: Called Strike
0-1: Swinging Strike
0-2: Ball
1-2: Ball
2-2: Foul Ball, location: 2F
2-2: Ball
3-2: Ground out 5-3 (Groundball, 5S)
Batting: LHB Gregg Young 0-0: Ball
1-0: Swinging Strike
1-1: Ball
2-1: Called Strike
2-2: Ground out 1-3 (Groundball, 15S)
Bottom of the 7th over - 0 run(s), 0 hit(s), 0 error(s), 0 left on base; Casper 3 - Mercer Island 4
TOP OF THE 8TH
Casper Ghosts batting - Pitching for Mercer Island Screaming Eagles : RHP Fernando Reyna
Pitching: RHP Pedro Álvarez
Batting: RHB Warner Robinson 0-0: Ball
1-0: Swinging Strike
1-1: Ball
2-1: Fly out, F4 (Popup, 4MD)
Pitching: LHP Manuel Martínez
Batting: LHB Harrison Jones 0-0: Ball
1-0: Ball
2-0: Foul Ball, location: 2F
2-1: Foul Ball, location: 2F
2-2: Foul Ball, location: 2F
2-2: Foul Ball, location: 2F
2-2: Ball
3-2: Foul Ball, location: 2F
3-2: Base on Balls
Pitching: RHP Adrian David
Pinch Hitting: SHB Erjan Kerstens 0-0: Bunted foul
0-1: Sac Bunt - play at first, batter OUT! 1-4
Harrison Jones to second
Batting: RHB Lorenzo Díaz 0-0: TRIPLE (Flyball, 89D)
Harrison Jones scores
Batting: RHB Phil Baker 0-0: Called Strike
0-1: Ball
1-1: Foul Ball, location: 2F
1-2: Foul Ball, location: 2F
1-2: Ball
2-2: Foul Ball, location: 2F
2-2: Foul Ball, location: 2F
2-2: Ball
3-2: Foul Ball, location: 2F
3-2: Ground out 6-3 (Groundball, 6)
Top of the 8th over - 1 run(s), 1 hit(s), 0 error(s), 1 left on base; Casper 4 - Mercer Island 4
BOTTOM OF THE 8TH
Mercer Island Screaming Eagles batting - Pitching for Casper Ghosts : RHP Kris Daniel
Pitching: RHP Anthony Snyder
Now at 2B: Israel Sanders
Batting: RHB Jason Ruffin 0-0: Swinging Strike
0-1: Ball
1-1: Ball
2-1: Ball
3-1: Foul Ball, location: 2F
3-2: Base on Balls
Pinch Runner at 1st Júlio Molina:
Batting: RHB Luis Antonio Hernández 0-0: Ball
1-0: Swinging Strike
1-1: Ball
2-1: Foul Ball, location: 2F
2-2: Ball
3-2: 2-RUN HOME RUN (Flyball, 8LXD), Distance : 442 ft
Batting: LHB Jorge Pérez 0-0: Ball
1-0: Fly out, F7 (Line Drive, 78M)
Batting: RHB Shawn McCormack 0-0: Ball
1-0: Ball
2-0: Ball
3-0: Base on Balls
Batting: RHB Mario Blanco 0-0: Ball
1-0: Ball
2-0: Fielders Choice at 2nd, 2-6 (Groundball, 2R)
Batting: RHB Jorge Peña 0-0: Ball
1-0: DOUBLE (Line Drive, 7LS)
Mario Blanco to third
Runner from 3rd tries for Home, SAFE, no throw or cutoff
Pitching: LHP Ray Neely
Batting: RHB Alan Rosales 0-0: Ball
1-0: Ball
2-0: Ball
3-0: Called Strike
3-1: Base on Balls
Batting: RHB Jim Unknown 0-0: Ball
1-0: Ball
2-0: Called Strike
2-1: Foul Ball, location: 2F
2-2: Foul Ball, location: 2F
2-2: Foul Ball, location: 2F
2-2: Ball
3-2: Base on Balls
Jorge Peña to third
Alan Rosales to second
Pinch Hitting: SHB Ray Davis 0-0: SINGLE (Groundball, 56D)
Jorge Peña scores
Alan Rosales to third
Jim Unknown to second
Runner from 3rd tries for Home, SAFE, no throw or cutoff
Batting: RHB Júlio Molina 0-0: Ball
1-0: Ball
2-0: Ground out 4-3 (Groundball, 4)
Bottom of the 8th over - 5 run(s), 3 hit(s), 0 error(s), 2 left on base; Casper 4 - Mercer Island 9
TOP OF THE 9TH
Casper Ghosts batting - Pitching for Mercer Island Screaming Eagles : RHP Adrian David
Now at 1B: Ray Davis
Batting: SHB José Juárez 0-0: Foul Ball, location: 2F
0-1: Ground out 4-3 (Groundball, 4)
Batting: RHB Mark Davis 0-0: Ball
1-0: Ball
2-0: Called Strike
2-1: Foul Ball, location: 2F
2-2: Foul Ball, location: 2F
2-2: SINGLE (Line Drive, 8RS)
Batting: RHB Dave Young 0-0: Ball
1-0: Ball
2-0: Called Strike
2-1: Fly out, F8 (Flyball, 8RM)
Batting: RHB Juan García 0-0: Ball
1-0: Ball
2-0: Ball
3-0: Base on Balls
Mark Davis to second
Batting: RHB Warner Robinson 0-0: Called Strike
0-1: Fly out, F9 (Flyball, 9M)
Top of the 9th over - 0 run(s), 1 hit(s), 0 error(s), 2 left on base; Casper 4 - Mercer Island 9
This league is powered by Out of the Park Baseball, the baseball management simulation game for PC, Mac and Linux
Friday, April 15th, 2016 - OOTP Baseball 16.9 Build 39